 Dungeon Crawl Stone Soup version 0.30-a0-802-gb92711bcdf (webtiles) character file.

Game seed: 16975591287918603635

688 jasper the Shooter (level 7, 0/37 HPs)
             Began as a Spriggan Hunter on Feb 24, 2023.
             Slain by a kobold brigand
             ... wielding a +0 short sword
              (4 damage)
             ... on level 4 of the Dungeon.
             The game lasted 00:05:24 (2266 turns).

jasper the Shooter (Spriggan Hunter)                Turns: 2266, Time: 00:05:25

Health: 0/37       AC:  3    Str:  9    XL:     7   Next: 36%
Magic:  8/8        EV: 22    Int: 11    God:
Gold:   166        SH:  0    Dex: 24    Spells: 6/6 levels left

rFire   . . .      SeeInvis +    a - +0 shortbow
rCold   . . .      Faith    .    (shield currently unavailable)
rNeg    + . .      Spirit   .    c - +0 robe
rPois   .          Reflect  .    (helmet restricted)
rElec   .          Harm     .    i - +0 cloak
rCorr   .          Rampage  .    (gloves unavailable)
Will    +....                    (boots unavailable)
Stlth   ++                       (no amulet)
HPRegen 0.26/turn                h - +6 ring of dexterity
MPRegen 0.11/turn                k - ring of positive energy

@: slowed, quick
A: very small, no large weapons, unfitting armour, see invisible, speed 3
a: no special abilities


You were on level 4 of the Dungeon.
You visited 1 branch of the dungeon, and saw 4 of its levels.

You collected 166 gold pieces.

Inventory:

Hand Weapons
 a - a +0 shortbow (weapon)
Armour
 c - a +0 robe (worn)
 i - a +0 cloak (worn)
 p - +0 gold dragon scales
Jewellery
 h - a +6 ring of dexterity (left hand)
 k - a ring of positive energy (right hand)
Wands
 f - a wand of polymorph (3)
Scrolls
 b - 2 scrolls of immolation
 l - a scroll of enchant weapon {unknown}
 q - 3 scrolls of identify {unknown}
 r - 2 scrolls of teleportation
 s - a scroll of fog
 t - a scroll of summoning
Potions
 d - a potion of might
 e - a potion of flight {unknown}
 g - a potion of haste
 j - a potion of lignification {unknown}
 m - a potion of attraction {unknown}
 n - a potion of heal wounds {unknown}
 o - a potion of curing {unknown}


   Skills:
 + Level 3.6 Fighting
 * Level 7.0 Ranged Weapons
 + Level 5.8 Dodging
 - Level 1.6 Stealth


You had 6 spell levels left.
You didn't know any spells.
Your spell library contained the following spells:

 Spells                   Type           Power      Damage    Failure   Level
 Necrotise                Necr           0%         1d4       34%         1
 Blink                    Tloc           0%         N/A       47%         2
 Call Canine Familiar     Summ           0%         N/A       71%         3
 Portal Projectile        Hex/Tloc       0%         N/A       71%         3
 Vampiric Draining        Necr           0%         2d6       71%         3
 Leda's Liquefaction      Hex/Erth       0%         N/A       98%         4
 Manifold Assault         Tloc           0%         N/A       98%         4
 Agony                    Necr           0%         N/A       100%        5
 Storm Form               Tmut/Air       0%         N/A       100%        7


Dungeon Overview and Level Annotations

Branches:
Dungeon (4/15)
 Temple: D:4-7

Altars:
Kikubaaqudgha
Nemelex Xobeh
Qazlal
Sif Muna
Vehumet


Innate Abilities, Weirdness & Mutations

You are very small and have problems with some larger weapons.
You are too small for most types of armour.
You have supernaturally acute eyesight. (SInv)
You cover ground extremely quickly. (Speed+++)


Message History

The arrow hits the kobold brigand but does no damage.
The kobold brigand is severely wounded.
You feel very sick. The kobold brigand misses you.
The kobold brigand hits you but does no damage.
You take 3 damage, and have 11/37 hp.
Fire: a) +0 shortbow
Press: ? - help, Q - select action, (/) - cycle Shift-Dir - straight line, f/p - kobold brigand
Aim: a kobold brigand, wielding a +0 short sword and quivering curare-tipped darts (severely wounded, 62% to hit)
You shoot an arrow.
The arrow barely misses the kobold brigand.
You feel sick.
The kobold brigand completely misses you. x2
Fire: a) +0 shortbow
Press: ? - help, Q - select action, (/) - cycle Shift-Dir - straight line, f/p - kobold brigand
Aim: a kobold brigand, wielding a +0 short sword and quivering curare-tipped darts (severely wounded, 62% to hit)
You shoot an arrow.
The arrow closely misses the kobold brigand.
You feel sick.
The kobold brigand hits you with a +0 short sword.
* * * LOW HITPOINT WARNING * * *
You take 7 damage, and have 4/37 hp.
Fire: a) +0 shortbow
Press: ? - help, Q - select action, (/) - cycle Shift-Dir - straight line, f/p - kobold brigand
Aim: a kobold brigand, wielding a +0 short sword and quivering curare-tipped darts (severely wounded, 62% to hit)
You shoot an arrow.
The arrow closely misses the kobold brigand.
You feel sick.
You are no longer poisoned.
The kobold brigand closely misses you. The kobold brigand barely misses you.
You take 1 damage, and have 3/37 hp.
Fire: a) +0 shortbow
Press: ? - help, Q - select action, (/) - cycle Shift-Dir - straight line, f/p - kobold brigand
Aim: a kobold brigand, wielding a +0 short sword and quivering curare-tipped darts (severely wounded, 62% to hit)
You shoot an arrow. The arrow hits the kobold brigand.
The kobold brigand is severely wounded.
The kobold brigand completely misses you.
A giant cockroach comes into view.
The kobold brigand hits you with a +0 short sword.
You die...

###########
..........#######.#
)########..........
#....>......##..#
#..#####.##.##..#
#..# #........
#).#####.##.##)#
#@.##....##.##.#
#K.##.##...†..†###
#..##.........<...
#..##.####...##...
#.)).B..##
##.###.##
#)......... ...#
#.#
...........#####..#
#.#
#.......####..)####
#.# ##..(..##
#.....#####.#


You could see a kobold brigand and a giant cockroach (wandering).

Vanquished Creatures
  Grinder (D:3)
  Sigmund (D:3)
  A scorpion (D:4)
  3 orc wizards
  Robin (D:3)
  6 adders
  3 gnolls (D:4)
  A worm (D:3)
  11 orcs
  8 ball pythons
  6 endoplasms
  11 goblins
  7 hobgoblins
  8 jackals
  A quokka (D:2)
  7 bats
  2 frilled lizards (D:2)
  5 kobolds
  4 rats
87 creatures vanquished.

Notes
Turn   | Place    | Note
-------+----------+-------------------------------------------
     0 | D:1      | jasper the Spriggan Hunter began the quest for the Orb.
     0 | D:1      | Reached XP level 1. HP: 10/10 MP: 2/2
   770 | D:2      | Reached XP level 2. HP: 15/15 MP: 3/3
   784 | D:2      | Reached XP level 3. HP: 18/18 MP: 4/4
  1263 | D:3      | Found an ancient bone altar of Kikubaaqudgha.
  1272 | D:3      | Found a shimmering blue altar of Sif Muna.
  1274 | D:3      | Found a radiant altar of Vehumet.
  1300 | D:3      | Noticed Sigmund
  1308 | D:3      | Killed Sigmund
  1309 | D:3      | Reached skill level 5 in Ranged Weapons
  1309 | D:3      | Reached XP level 4. HP: 23/23 MP: 5/5
  1309 | D:3      | Reached XP level 5. HP: 27/27 MP: 6/6
  1590 | D:3      | Reached XP level 6. HP: 32/32 MP: 7/7
  1763 | D:3      | Reached skill level 6 in Ranged Weapons
  1763 | D:3      | Noticed Grinder
  1805 | D:3      | Killed Grinder
  1806 | D:3      | Reached skill level 5 in Dodging
  1808 | D:3      | Noticed Robin
  1819 | D:3      | Reached XP level 7. HP: 32/36 MP: 8/8
  1827 | D:3      | Killed Robin
  1963 | D:3      | Found a sparkling altar of Nemelex Xobeh.
  1966 | D:3      | Found a stormy altar of Qazlal.
  2233 | D:4      | Reached skill level 7 in Ranged Weapons
  2266 | D:4      | Slain by a kobold brigand

Illustrated notes

Levels and vault maps discovered:
D:1:      matt_arrival_los_fun, layout_loops_ring
D:2:      layout_basic, minmay_between
D:3:      layout_rooms, grunt_temple_overflow_magic_moments,
          nicolae_overflow_squiral, grunt_decor_arrowhead, uniq_robin,
          uniq_sigmund, uniq_grinder
D:4:      layout_loops_ring, minmay_goblin_kobold_house

Skill      XL: |  1  2  3  4  5  6  7 |
---------------+----------------------+-----
Dodging        | 3 4 5 |  5.8
Fighting       | 2 3 |  3.6
Ranged Weapons | 5 6 7 |  7.0
Stealth        | |  1.6

Action                     |  1- 3 |  4- 6 |  7- 9 || total
---------------------------+-------+-------+-------++-------
   Fire: Shortbow          |    86 |    85 |    76 ||   247
    Use: Scroll            |     5 |       |       ||     5
         Potion            |       |     2 |       ||     2
 Armour: Robe              |     4 |     2 |     4 ||    10
  Dodge: Dodged            |    24 |    25 |    24 ||    73

Table legend: (Time is in decaauts)
 A = Elapsed time spent in this place.
 B = Non-inter-level travel time spent in this place.
 C = Inter-level travel time spent in this place.
 D = Time resting spent in this place.
 E = Time spent auto-exploring this place.
 F = Levels seen in this place.
 G = Mean time per level.
                   A        B        C        D        E       F      G
               +--------+--------+--------+--------+--------+-----+--------+
         Total |   1626 |   1567 |     59 |    113 |   1002 |   4 |  406.5 |
       Dungeon |   1626 |   1567 |     59 |    113 |   1002 |   4 |  406.5 |
               +--------+--------+--------+--------+--------+-----+--------+

Top non-repeatable levels by time:
     D:3: 590 daAuts
     D:1: 485 daAuts
     D:2: 358 daAuts
     D:4: 192 daAuts
